[Event "ICC tourney 2541 (3 2)"]
[Site "Internet Chess Club"]
[Date "2021.04.30"]
[Round "2"]
[White "Son, Aven Christopher:ason451"]
[Black "CARDOSO, CARLOS:cjcardoso"]
[Result "0-1"]
[ICCResult "White checkmated"]
[WhiteElo "330"]
[BlackElo "1468"]
[Opening "Caro-Kann: closed (Breyer) variation"]
[ECO "B10"]
[NIC "CK.01"]
[Time "20:15:53"]
[PlyCount "50"]
[TimeControl "180+2"]

1. e4 c6 2. d3 d5 3. exd5 cxd5 4. Nf3 Nf6 5. d4 Nc6 6. Nc3 Qc7 7. Bb5 a6 8.
Bxc6+ bxc6 9. Be3 Bg4 10. h3 Bh5 11. Bg5 Ne4 12. Nxe4 dxe4 13. g4 exf3 14.
gxh5 h6 15. Be3 Qa5+ 16. Bd2 Qxh5 17. Be3 e6 18. Qd3 Bb4+ 19. Bd2 Bxd2+ 20.
Qxd2 Qd5 21. Qc3 Qe4+ 22. Kf1 Qe2+ 23. Kg1 Qe4 24. Re1 Qg6+ 25. Kf1 Qg2# {
White checkmated } 0-1

[Event "ICC tourney 2541 (3 2)"]
[Site "Internet Chess Club"]
[Date "2021.04.30"]
[Round "2"]
[White "CHAN, MATTHEW M:mmchan"]
[Black "VAKHIDOV, JAKHONGIR:TjkTiger"]
[Result "0-1"]
[ICCResult "White resigns"]
[WhiteElo "1891"]
[BlackElo "2603"]
[Opening "Sicilian: Hungarian variation"]
[ECO "B27"]
[NIC "SI.43"]
[Time "20:16:03"]
[PlyCount "76"]
[TimeControl "180+2"]

1. e4 c5 2. Nf3 g6 3. c3 d5 4. exd5 Qxd5 5. Na3 Bg7 6. Bc4 Qe4+ 7. Qe2
Qxe2+ 8. Bxe2 Nf6 9. d4 cxd4 10. Nxd4 O-O 11. O-O a6 12. Nac2 e5 13. Nf3
Nc6 14. a4 Be6 15. Ng5 Bb3 16. Ne3 h6 17. Nf3 Rfd8 18. Bc4 Bxc4 19. Nxc4
Nd5 20. Re1 f6 21. a5 Kf7 22. Be3 Nxe3 23. Nxe3 e4 24. Nh4 f5 25. g3 Ne5
26. Rad1 Bf6 27. Kf1 Bxh4 28. gxh4 Nf3 29. Rxd8 Rxd8 30. Rd1 Nxh2+ 31. Kg2
Rxd1 32. Nxd1 Nf3 33. Ne3 Nxh4+ 34. Kg3 g5 35. Nc4 f4+ 36. Kg4 Ke6 37. Kh5
Nf5 38. Kg4 e3 { White resigns } 0-1

[Event "ICC tourney 2541 (3 2)"]
[Site "Internet Chess Club"]
[Date "2021.04.30"]
[Round "2"]
[White "ZENG, CALEB:calebzeng"]
[Black "KINGSLEY, PETER F:Saixua"]
[Result "1/2-1/2"]
[ICCResult "Game drawn by mutual agreement"]
[WhiteElo "805"]
[BlackElo "1447"]
[Opening "Alekhine's defense: Maróczy variation"]
[ECO "B02"]
[NIC "AL.10"]
[Time "20:15:50"]
[PlyCount "103"]
[TimeControl "180+2"]

1. e4 Nf6 2. d3 e5 3. Nc3 d5 4. exd5 Nxd5 5. Bd2 Bc5 6. Nf3 Nc6 7. Be2 O-O
8. O-O Bg4 9. h3 Be6 10. Nxd5 Bxd5 11. c4 Be6 12. Be3 Bb6 13. Qc2 Bf5 14.
a3 Bxe3 15. fxe3 Bg6 16. e4 Nd4 17. Nxd4 Qxd4+ 18. Kh2 f5 19. Bf3 f4 20.
Qc3 Rad8 21. Rad1 Rd6 22. Rd2 Rfd8 23. Rfd1 Qe3 24. Re2 Qd4 25. Qb3 b6 26.
c5+ Bf7 27. Qc3 bxc5 28. Rc1 c4 29. Qxd4 Rxd4 30. dxc4 Bxc4 31. Rec2 Bd3
32. Rxc7 R4d7 33. Rxd7 Rxd7 34. Rd1 Bb5 35. Rxd7 Bxd7 36. Bd1 Kf7 37. Kg1
Ke7 38. Kf2 Kd6 39. Ke2 Bc6 40. Kd3 Kc5 41. b4+ Kd6 42. Bb3 Bb5+ 43. Bc4 a6
44. Bxb5 axb5 45. Ke2 g5 46. Kf3 h5 47. g4 hxg4+ 48. hxg4 Kc6 49. Kf2 Kb6
50. Ke2 Ka6 51. Kf2 Kb6 52. Ke2 { Game drawn by mutual agreement } 1/2-1/2

[Event "ICC tourney 2541 (3 2)"]
[Site "Internet Chess Club"]
[Date "2021.04.30"]
[Round "2"]
[White "NI, BRANDON:chessbn"]
[Black "GUSEINOV, GADIR:GGuseinov"]
[Result "0-1"]
[ICCResult "White resigns"]
[WhiteElo "1930"]
[BlackElo "2715"]
[Opening "Queen's pawn: London system"]
[ECO "A45"]
[NIC "QP.07"]
[Time "20:15:48"]
[PlyCount "60"]
[TimeControl "180+2"]

1. d4 Nf6 2. Bf4 g6 3. e3 Bg7 4. Nf3 O-O 5. h3 d6 6. Bc4 b6 7. c3 Bb7 8.
Nbd2 Nbd7 9. O-O Ne4 10. Qc2 Nxd2 11. Nxd2 e5 12. dxe5 dxe5 13. Bg3 Qe7 14.
a4 a6 15. Rfd1 Kh8 16. e4 f5 17. exf5 gxf5 18. Nf1 f4 19. Bh4 Qxh4 20. Rxd7
f3 21. Be6 Bc8 22. g3 Qf6 23. Rxg7 Kxg7 24. Bxc8 Raxc8 25. Ne3 Qg6 26. Qb3
Rcd8 27. a5 b5 28. Re1 h5 29. h4 e4 30. Nd5 Qe6 { White resigns } 0-1

[Event "ICC tourney 2541 (3 2)"]
[Site "Internet Chess Club"]
[Date "2021.04.30"]
[Round "2"]
[White "BROWN, MADISON:USChessNinja"]
[Black "MYSORE, ABHINAV NAVEEN:Mapking1"]
[Result "0-1"]
[ICCResult "White forfeits on time"]
[WhiteElo "1714"]
[BlackElo "1999"]
[Opening "Sicilian: dragon, Yugoslav attack, Rauser variation"]
[ECO "B76"]
[NIC "SI.17"]
[Time "20:15:47"]
[PlyCount "54"]
[TimeControl "180+2"]

1. e4 c5 2. Nf3 d6 3. d4 cxd4 4. Nxd4 Nf6 5. Nc3 g6 6. Be3 Bg7 7. f3 O-O 8.
Qd2 Nc6 9. O-O-O d5 10. Nxc6 bxc6 11. exd5 Nxd5 12. Nxd5 cxd5 13. Bh6 Bxh6
14. Qxh6 Qa5 15. a3 f6 16. h4 Rf7 17. c4 Be6 18. h5 Rg7 19. hxg6 Rc8 20.
gxh7+ Kh8 21. g4 dxc4 22. Rh2 c3 23. Rc2 cxb2+ 24. Kxb2 Qe5+ 25. Kb1 Rb8+
26. Kc1 Qa1+ 27. Kd2 Qxa3 { White forfeits on time } 0-1

[Event "ICC tourney 2541 (3 2)"]
[Site "Internet Chess Club"]
[Date "2021.04.30"]
[Round "2"]
[White "Lopez, Santiago Ernesto:Oyant"]
[Black "CALVELO, JELVIS ARANDELA:JelvisCalvelo04"]
[Result "0-1"]
[ICCResult "White checkmated"]
[WhiteElo "1357"]
[BlackElo "2081"]
[Opening "French: advance, Milner-Barry gambit"]
[ECO "C02"]
[NIC "FR.03"]
[Time "20:16:20"]
[PlyCount "62"]
[TimeControl "180+2"]

1. e4 e6 2. d4 d5 3. e5 c5 4. c3 Nc6 5. Nf3 Qb6 6. Bd3 Bd7 7. O-O cxd4 8.
cxd4 Nxd4 9. Be3 Nxf3+ 10. Qxf3 Qxb2 11. Nd2 Qxe5 12. Bf4 Qf6 13. Qg3 h6
14. Rfe1 Ne7 15. Be5 Qg5 16. Qf3 Qxd2 17. Rac1 Bc6 18. Bc3 Qg5 19. Re5
Qxc1+ 20. Bf1 d4 21. Qxc6+ Nxc6 22. Rc5 Qxc3 23. Rxc3 dxc3 24. Bd3 O-O-O
25. Bc2 Nb4 26. Bb3 c2 27. Bxc2 Nxc2 28. f3 Rd2 29. Kf1 Ne3+ 30. Ke1 Bb4
31. g4 Rxh2# { White checkmated } 0-1

[Event "ICC tourney 2541 (3 2)"]
[Site "Internet Chess Club"]
[Date "2021.04.30"]
[Round "2"]
[White "ZILBERMINTZ, LEV:chessrex"]
[Black "LEVIN, EVGENY A:Assured"]
[Result "0-1"]
[ICCResult "White checkmated"]
[WhiteElo "1855"]
[BlackElo "2586"]
[Opening "Blackmar-Diemer gambit"]
[ECO "A45"]
[NIC "QP.07"]
[Time "20:15:55"]
[PlyCount "122"]
[TimeControl "180+2"]

1. d4 Nf6 2. f3 d5 3. e4 dxe4 4. Nc3 e3 5. Bxe3 c6 6. Qd2 Bf5 7. g4 Bg6 8.
Nge2 h5 9. Nf4 Bh7 10. g5 Nd5 11. Ncxd5 cxd5 12. g6 Bxg6 13. Nxg6 fxg6 14.
Bd3 Nc6 15. Bxg6+ Kd7 16. O-O-O e6 17. Bg5 Be7 18. h4 Qa5 19. Qxa5 Nxa5 20.
Rhe1 Bxg5+ 21. hxg5 Raf8 22. Rd3 h4 23. Rde3 Nc6 24. Rxe6 h3 25. c3 h2 26.
R6e2 h1=Q 27. Rxh1 Rxh1+ 28. Kc2 Ne7 29. Bd3 Rxf3 30. Bb5+ Kd6 31. Kb3 Nc6
32. Rd2 a6 33. Bd3 Rg3 34. Bf5 Rxg5 35. Bc8 Rh8 36. Bxb7 Rb8 37. Ka3 Rxb7
38. Rf2 Na5 39. b3 Rg3 40. Kb2 Nc4+ 41. Kc2 Na3+ 42. Kb2 Nb5 43. Rc2 Rc7
44. a4 Nxc3 45. Rh2 Ne4 46. Ka3 Rcc3 47. a5 Rxb3+ 48. Ka2 Ra3+ 49. Kb2
Rgb3+ 50. Kc1 Ra1+ 51. Kc2 Ra2+ 52. Kxb3 Rxh2 53. Kb4 Kc6 54. Ka4 Rc2 55.
Kb4 Rc4+ 56. Kb3 Kb5 57. Ka3 Rc3+ 58. Kb2 Kb4 59. Ka2 Rc2+ 60. Kb1 Kb3 61.
Ka1 Rc1# { White checkmated } 0-1

[Event "ICC tourney 2541 (3 2)"]
[Site "Internet Chess Club"]
[Date "2021.04.30"]
[Round "2"]
[White "Aimdilokwong, Alec Daniel:Alec-hine"]
[Black "ZHOU, VANESSA G:vanessa4play"]
[Result "1-0"]
[ICCResult "Black forfeits on time"]
[WhiteElo "1666"]
[BlackElo "1352"]
[Opening "QGD: classical variation (5.Bf4)"]
[ECO "D37"]
[NIC "QO.04"]
[Time "20:15:46"]
[PlyCount "67"]
[TimeControl "180+2"]

1. d4 d5 2. c4 e6 3. Nf3 Nf6 4. Nc3 Be7 5. Bf4 O-O 6. e3 Bd6 7. Bxd6 Qxd6
8. Bd3 dxc4 9. Bxc4 c5 10. O-O Nc6 11. dxc5 Qxc5 12. Qe2 e5 13. Rac1 Qe7
14. h3 Na5 15. Nd5 Nxd5 16. Bxd5 Be6 17. e4 Bxd5 18. exd5 b6 19. Qxe5 Qxe5
20. Nxe5 Rfe8 21. Nd3 Nb7 22. Rc7 Nd6 23. Rd7 Red8 24. Rxd8+ Rxd8 25. Rd1
f6 26. Nb4 Kf7 27. f3 Nc4 28. b3 Nd6 29. Kf2 Rd7 30. Nc6 Nb5 31. Rd3 Nc7
32. d6 Nb5 33. a4 Nxd6 34. Nxa7 { Black forfeits on time } 1-0

[Event "ICC tourney 2541 (3 2)"]
[Site "Internet Chess Club"]
[Date "2021.04.30"]
[Round "2"]
[White "CHANG, ANSEL Yiktong:anselc"]
[Black "WANG, YUANZHE:yogokings12"]
[Result "0-1"]
[ICCResult "White forfeits on time"]
[WhiteElo "933"]
[BlackElo "1592"]
[Opening "Sicilian: Grand Prix attack"]
[ECO "B23"]
[NIC "SI.44"]
[Time "20:15:56"]
[PlyCount "86"]
[TimeControl "180+2"]

1. e4 c5 2. Nc3 Nc6 3. f4 g6 4. Nf3 Bg7 5. Bb5 Nd4 6. O-O Nxb5 7. Nxb5 a6
8. Nc3 Nf6 9. e5 Ng8 10. d4 cxd4 11. Nxd4 Nh6 12. Be3 d6 13. exd6 Qxd6 14.
h3 O-O 15. Nf3 Nf5 16. Bf2 Be6 17. Qxd6 Nxd6 18. Ng5 Bf5 19. Rfe1 h6 20.
Nf3 Nc4 21. Nd4 Nxb2 22. Nxf5 gxf5 23. Re3 Nc4 24. Rd3 Rad8 25. Rad1 Rxd3
26. Rxd3 Nb2 27. Re3 e6 28. Ne2 Nc4 29. Rd3 Rc8 30. Kh2 Nb2 31. Rd2 Nc4 32.
Rd3 b5 33. Bd4 Bxd4 34. Rxd4 Rc7 35. c3 Nb6 36. Kg3 Nd5 37. Rd3 Kf8 38. Kf3
Ke7 39. g4 fxg4+ 40. hxg4 Rc4 41. g5 hxg5 42. fxg5 Ra4 43. Rd2 Ra3 { White
forfeits on time } 0-1

[Event "ICC tourney 2541 (3 2)"]
[Site "Internet Chess Club"]
[Date "2021.04.30"]
[Round "2"]
[White "POPILSKI, GIL:kurumania"]
[Black "BERKLEY, DARRIN K:drberkley"]
[Result "1-0"]
[ICCResult "Black forfeits on time"]
[WhiteElo "2514"]
[BlackElo "1846"]
[Opening "Pirc: Byrne variation"]
[ECO "B07"]
[NIC "PU.09"]
[Time "20:15:56"]
[PlyCount "79"]
[TimeControl "180+2"]

1. e4 d6 2. d4 Nf6 3. Nc3 g6 4. Bg5 Bg7 5. f4 h6 6. Bxf6 Bxf6 7. e5 Bg7 8.
Nf3 O-O 9. Bc4 Bg4 10. h3 Bxf3 11. Qxf3 Nc6 12. O-O-O e6 13. d5 Na5 14. Be2
exd5 15. Qxd5 Nc6 16. Ne4 dxe5 17. fxe5 Qxd5 18. Rxd5 Nxe5 19. Nc5 b6 20.
Na6 c5 21. Rhd1 Bf6 22. c3 Rfd8 23. Nc7 Rxd5 24. Nxd5 Bg7 25. Kc2 Re8 26.
Bb5 Re6 27. a4 g5 28. g4 Ng6 29. Bd3 Nf4 30. Bf5 Re2+ 31. Kb3 Nxh3 32. Kc4
Nf4 33. Nc7 Rxb2 34. Rd8+ Bf8 35. Ne8 Ne6 36. Rc8 Rf2 37. Kd5 Rc2 38. Ke5
Re2+ 39. Kf6 Rf2 40. Nd6 { Black forfeits on time } 1-0

[Event "ICC tourney 2541 (3 2)"]
[Site "Internet Chess Club"]
[Date "2021.04.30"]
[Round "2"]
[White "Clark, Dylan:SkywalkerRisen"]
[Black "FEHD, JODIE LYNN:spaceegg"]
[Result "1-0"]
[ICCResult "Black checkmated"]
[WhiteElo "1541"]
[BlackElo "1186"]
[Opening "English: symmetrical variation"]
[ECO "A34"]
[NIC "EO.64"]
[Time "20:15:56"]
[PlyCount "127"]
[TimeControl "180+2"]

1. c4 c5 2. Nc3 Nf6 3. g3 e5 4. Bg2 Nc6 5. d3 a6 6. Bg5 d5 7. Nxd5 h6 8.
Bxf6 gxf6 9. Nf3 Bg4 10. h3 Bxf3 11. Bxf3 b5 12. b3 b4 13. Qd2 Bd6 14. Bg2
f5 15. O-O e4 16. dxe4 f4 17. Nxf4 Ne5 18. Nd5 h5 19. Kh1 h4 20. Qf4 Ng6
21. Qf6 hxg3 22. fxg3 Qxf6 23. Nxf6+ Ke7 24. Nd5+ Kd7 25. Rxf7+ Kc6 26. e5
Nxe5 27. Nf6+ Kb6 28. Nd7+ Ka5 29. Nxe5 Bxe5 30. Rd1 Bxg3 31. Rd5 Rae8 32.
Rxc5+ Kb6 33. Rc6+ Ka5 34. Rf5+ Re5 35. Rxe5+ Bxe5 36. Rc5+ Kb6 37. Rxe5
Rd8 38. Re6+ Kc7 39. Rc6+ Kb8 40. Bd5 Ka7 41. e4 a5 42. e5 Re8 43. e6 Kb8
44. Rb6+ Kc7 45. Rb7+ Kd6 46. Rd7+ Ke5 47. Kg2 Rg8+ 48. Kf3 Rg5 49. e7 Rf5+
50. Ke3 Kf6 51. e8=Q Re5+ 52. Qxe5+ Kxe5 53. Re7+ Kf6 54. Re6+ Kf5 55. h4
Kg4 56. Re4+ Kf5 57. h5 Kg5 58. Bf7 Kh6 59. Re6+ Kg5 60. Rg6+ Kf5 61. h6
Ke5 62. h7 Kf5 63. h8=Q a4 64. Qf6# { Black checkmated } 1-0

[Event "ICC tourney 2541 (3 2)"]
[Site "Internet Chess Club"]
[Date "2021.04.30"]
[Round "2"]
[White "Lamas, David:ChessMonkey123"]
[Black "SCHENK, SAM:SupaHotFiya"]
[Result "0-1"]
[ICCResult "White checkmated"]
[WhiteElo "1431"]
[BlackElo "1950"]
[Opening "French: exchange variation"]
[ECO "C01"]
[NIC "FR.01"]
[Time "20:15:55"]
[PlyCount "96"]
[TimeControl "180+2"]

1. e4 e6 2. d4 d5 3. exd5 exd5 4. c4 c6 5. cxd5 cxd5 6. Nf3 Bd6 7. Nc3 Ne7
8. Bd3 Nbc6 9. O-O Bg4 10. Bc2 Bh5 11. h3 Bg6 12. Bxg6 hxg6 13. Be3 Qd7 14.
Nb5 Bb8 15. Qd2 a6 16. Nc3 f6 17. Bf4 g5 18. Bxb8 Rxb8 19. Ne2 g4 20. hxg4
Qxg4 21. Ng3 f5 22. Qg5 Kf7 23. Rfe1 Rbe8 24. Re2 Qxg5 25. Nxg5+ Kf6 26.
Nf3 Ng6 27. Rae1 Rxe2 28. Rxe2 Nf4 29. Re1 Ne6 30. Ne5 Ncxd4 31. Nd7+ Ke7
32. Nc5 Kf6 33. Nxb7 Rb8 34. Nd6 Rxb2 35. Nh5+ Kg5 36. Ng3 f4 37. Nf1 Rxa2
38. Re5+ Kf6 39. Rxd5 Ra1 40. Ne4+ Ke7 41. g3 f3 42. Ng5 Ne2+ 43. Kh2 Nxg5
44. Rxg5 Kf6 45. Rc5 Rxf1 46. Rc6+ Kg5 47. Rxa6 Rxf2+ 48. Kh3 Ng1# { White
checkmated } 0-1

[Event "ICC tourney 2541 (3 2)"]
[Site "Internet Chess Club"]
[Date "2021.04.30"]
[Round "2"]
[White "BOYINEPALLY, KIRAN:BoyinK-99"]
[Black "Zimmerman, Kevin:blackjack721"]
[Result "0-1"]
[ICCResult "White resigns"]
[WhiteElo "1673"]
[BlackElo "1359"]
[Opening "QGD: Ragozin variation"]
[ECO "D38"]
[NIC "NI.27"]
[Time "20:15:49"]
[PlyCount "110"]
[TimeControl "180+2"]

1. d4 Nf6 2. Nf3 d5 3. c4 e6 4. Nc3 Bb4 5. Bd2 Nc6 6. e3 Bd7 7. a3 Bxc3 8.
Bxc3 Ne4 9. cxd5 exd5 10. Bd3 f5 11. Rc1 O-O 12. O-O Qf6 13. Qb3 Be6 14.
Qxb7 Ne7 15. Qxc7 Ng6 16. Bb4 Rf7 17. Qc2 a5 18. Bd6 Nxd6 19. Qc6 Rd8 20.
b4 axb4 21. axb4 Ne4 22. b5 h5 23. b6 Rd6 24. Qe8+ Kh7 25. Rb1 Re7 26. Qa4
Nh4 27. Nxh4 Qxh4 28. Bxe4 fxe4 29. b7 Bd7 30. b8=Q Rg6 31. g3 Qh3 32. Qd1
Bg4 33. f3 exf3 34. Rxf3 h4 35. Qf4 hxg3 36. Qxg3 Qh5 37. Qf1 Bxf3 38. Qxf3
Rxg3+ 39. Qxg3 Re6 40. Kg2 Rg6 41. Rb5 Rxg3+ 42. hxg3 Qf5 43. Rb3 Qe4+ 44.
Kh3 Kg6 45. Rb6+ Kg5 46. Rb7 g6 47. Rb6 Qxe3 48. Rd6 Qe4 49. g4 Qxg4+ 50.
Kh2 Qf4+ 51. Kh3 Qxd6 52. Kg2 Qe6 53. Kf3 Qe4+ 54. Kf2 Qxd4+ 55. Kf3 Qe4+ {
White resigns } 0-1

[Event "ICC tourney 2541 (3 2)"]
[Site "Internet Chess Club"]
[Date "2021.04.30"]
[Round "2"]
[White "palani, mohnishkirupaa:chesswarriors12"]
[Black "YU, AVERY:Averyyu321"]
[Result "1-0"]
[ICCResult "Black forfeits on time"]
[WhiteElo "1347"]
[BlackElo "1671"]
[Opening "Queen's bishop game"]
[ECO "D00"]
[NIC "QP.08"]
[Time "20:15:59"]
[PlyCount "113"]
[TimeControl "180+2"]

1. d4 d5 2. Bf4 Nf6 3. Nf3 e6 4. e3 c5 5. c3 b6 6. Bd3 Be7 7. Nbd2 O-O 8.
O-O h6 9. Re1 Bb7 10. Qc2 Nbd7 11. b3 a6 12. e4 dxe4 13. Nxe4 Nxe4 14. Bxe4
Bxe4 15. Qxe4 Nf6 16. Qd3 cxd4 17. Qxd4 Bc5 18. Qxd8 Rfxd8 19. Rad1 Nd5 20.
Bd2 Rac8 21. c4 Nb4 22. Bxb4 Bxb4 23. Rf1 Bc5 24. Ne5 f6 25. Ng6 Kf7 26.
Nf4 g5 27. Nd3 Bd4 28. Nc1 Rd7 29. Rd3 Rcd8 30. Rfd1 Ke7 31. Kf1 e5 32. Ne2
Bc5 33. Rxd7+ Rxd7 34. Rxd7+ Kxd7 35. Ng3 Ke6 36. Ke2 f5 37. f3 Bd6 38. Nf1
h5 39. h3 g4 40. hxg4 hxg4 41. fxg4 fxg4 42. Ne3 Bc5 43. Nxg4 Kf5 44. Ne3+
Kf4 45. Nd5+ Kg3 46. Kf1 a5 47. Nf6 Kf4 48. Ke2 e4 49. Nd5+ Kg3 50. Ne3 Kf4
51. Nf1 e3 52. g3+ Ke4 53. g4 Kf4 54. g5 Kxg5 55. Nxe3 Kf4 56. Nd5+ Ke5 57.
Kd3 { Black forfeits on time } 1-0

[Event "ICC tourney 2541 (3 2)"]
[Site "Internet Chess Club"]
[Date "2021.04.30"]
[Round "3"]
[White "SCHENK, SAM:SupaHotFiya"]
[Black "BELOUS, VLADIMIR:Openyagami"]
[Result "0-1"]
[ICCResult "White resigns"]
[WhiteElo "1950"]
[BlackElo "2602"]
[Opening "Sicilian: Nimzovich-Rossolimo attack (with ...g6, without ...d6)"]
[ECO "B31"]
[NIC "SI.31"]
[Time "20:27:55"]
[PlyCount "32"]
[TimeControl "180+2"]

1. e4 c5 2. Nf3 Nc6 3. Bb5 g6 4. Bxc6 dxc6 5. d3 Bg7 6. Nc3 b6 7. a4 a5 8.
h3 Nh6 9. Be3 f6 10. Qd2 Nf7 11. O-O e5 12. Nh2 O-O 13. f4 exf4 14. Bxf4
Be6 15. b3 f5 16. Rae1 Qd4+ { White resigns } 0-1

[Event "ICC tourney 2541 (3 2)"]
[Site "Internet Chess Club"]
[Date "2021.04.30"]
[Round "3"]
[White "KALYANRAMAN, NIKHIL:nikhilkalya"]
[Black "Lamas, David:ChessMonkey123"]
[Result "1-0"]
[ICCResult "Black resigns"]
[WhiteElo "1890"]
[BlackElo "1431"]
[Opening "Réti opening"]
[ECO "A05"]
[NIC "QP.11"]
[Time "20:28:51"]
[PlyCount "51"]
[TimeControl "180+2"]

1. Nf3 Nf6 2. g3 e6 3. Bg2 d5 4. O-O c5 5. d3 Nc6 6. c4 Bd7 7. cxd5 exd5 8.
Bg5 h6 9. Bxf6 Qxf6 10. Nc3 d4 11. Ne4 Qd8 12. Rc1 Bf5 13. Nxc5 Bxc5 14.
Rxc5 Qb6 15. Rxf5 Qxb2 16. Qb3 Qxb3 17. axb3 O-O 18. Rc5 Rfe8 19. Re1 Re7
20. Rc4 Rae8 21. Nxd4 Nxd4 22. Rxd4 Rxe2 23. Rxe2 Rxe2 24. Bxb7 Rb2 25. Bd5
Rb1+ 26. Kg2 { Black resigns } 1-0

[Event "ICC tourney 2541 (3 2)"]
[Site "Internet Chess Club"]
[Date "2021.04.30"]
[Round "3"]
[White "WANG, YUANZHE:yogokings12"]
[Black "NI, BRANDON:chessbn"]
[Result "0-1"]
[ICCResult "White resigns"]
[WhiteElo "1592"]
[BlackElo "1930"]
[Opening "Caro-Kann: Steinitz variation"]
[ECO "B17"]
[NIC "CK.05"]
[Time "20:28:01"]
[PlyCount "50"]
[TimeControl "180+2"]

1. e4 c6 2. d4 d5 3. Nc3 dxe4 4. Nxe4 Nd7 5. Ng5 Ngf6 6. Bd3 e6 7. N1f3 Bd6
8. O-O h6 9. Ne4 Nxe4 10. Bxe4 Nf6 11. Bd3 O-O 12. c3 Qc7 13. h3 c5 14. Be3
b6 15. Nd2 Bb7 16. Qc2 Nd5 17. Ne4 Be7 18. Qe2 cxd4 19. cxd4 Nf4 20. Bxf4
Qxf4 21. Qe3 Qh4 22. Rac1 Rac8 23. Ng3 Bg5 24. f4 Rxc1 25. Rxc1 Bxf4 {
White resigns } 0-1

[Event "ICC tourney 2541 (3 2)"]
[Site "Internet Chess Club"]
[Date "2021.04.30"]
[Round "3"]
[White "YU, AVERY:Averyyu321"]
[Black "ZENG, CALEB:calebzeng"]
[Result "1-0"]
[ICCResult "Black checkmated"]
[WhiteElo "1671"]
[BlackElo "805"]
[Opening "Hungarian defense"]
[ECO "C50"]
[NIC "IG.03"]
[Time "20:28:05"]
[PlyCount "57"]
[TimeControl "180+2"]

1. e4 e5 2. Nf3 Nc6 3. Bc4 Be7 4. d3 d6 5. Nc3 Bg4 6. h3 Bxf3 7. Qxf3 Nf6
8. Bg5 Nd4 9. Qd1 h6 10. Be3 c5 11. Nd5 Nxd5 12. Bxd5 Rb8 13. c3 Nc6 14.
Qa4 Qb6 15. O-O-O O-O 16. g4 a6 17. h4 Qb5 18. Qc2 Rfd8 19. g5 Kh7 20. Bxf7
Rf8 21. Bc4 Qb6 22. gxh6 gxh6 23. Qd2 Rf6 24. Rdg1 Rbf8 25. Rh2 Na5 26. Bd5
Nc6 27. Rhg2 Nd8 28. Bxh6 Rh8 29. Rg7# { Black checkmated } 1-0

[Event "ICC tourney 2541 (3 2)"]
[Site "Internet Chess Club"]
[Date "2021.04.30"]
[Round "3"]
[White "MYSORE, ABHINAV NAVEEN:Mapking1"]
[Black "ALEKSANDROV, ALEKSEJ:Aleksandrov73"]
[Result "0-1"]
[ICCResult "White resigns"]
[WhiteElo "1999"]
[BlackElo "2623"]
[Opening "Ruy Lopez: closed, Breyer defense"]
[ECO "C94"]
[NIC "RL.25"]
[Time "20:27:57"]
[PlyCount "60"]
[TimeControl "180+2"]

1. e4 e5 2. Nf3 Nc6 3. Bb5 a6 4. Ba4 Nf6 5. O-O Be7 6. Re1 b5 7. Bb3 d6 8.
c3 O-O 9. h3 Nb8 10. a4 Bb7 11. Bc2 Nbd7 12. d4 Re8 13. Na3 Bf8 14. Bg5 c6
15. Qd3 h6 16. Bh4 Qc7 17. b3 Nh5 18. Bg3 Nxg3 19. fxg3 Nf6 20. g4 d5 21.
dxe5 Nxe4 22. Nd2 Bc5+ 23. Kf1 Nxd2+ 24. Qxd2 Rxe5 25. Qd3 Rxe1+ 26. Kxe1
Re8+ 27. Kd2 Qf4+ 28. Kd1 g6 29. Qd2 Qh2 30. Kc1 Be3 { White resigns } 0-1

[Event "ICC tourney 2541 (3 2)"]
[Site "Internet Chess Club"]
[Date "2021.04.30"]
[Round "3"]
[White "ZHOU, VANESSA G:vanessa4play"]
[Black "SZERENCSY, IAN:iszerencsy"]
[Result "0-1"]
[ICCResult "White resigns"]
[WhiteElo "1352"]
[BlackElo "1371"]
[Opening "Sicilian: Alapin's variation (2.c3)"]
[ECO "B22"]
[NIC "SI.46"]
[Time "20:27:56"]
[PlyCount "66"]
[TimeControl "180+2"]

1. e4 c5 2. c3 e6 3. d4 d5 4. exd5 exd5 5. Nf3 Nc6 6. Be3 cxd4 7. Nxd4 Bd7
8. Nd2 Bd6 9. Bd3 Nf6 10. O-O O-O 11. Qc2 h6 12. Nf5 Bxf5 13. Bxf5 Ne7 14.
Bd3 Nd7 15. Nf3 Ne5 16. Nxe5 Bxe5 17. Rad1 f5 18. c4 f4 19. Bc1 f3 20. Rfe1
Qd6 21. g3 Rac8 22. Qb3 Qf6 23. cxd5 Kh8 24. Be3 Nf5 25. Bxf5 Qxf5 26. Qd3
Qxd3 27. Rxd3 b6 28. Rd2 Rfe8 29. Red1 Red8 30. Bd4 Rxd5 31. Bxe5 Rxe5 32.
h4 Re2 33. Kf1 Rxd2 { White resigns } 0-1

[Event "ICC tourney 2541 (3 2)"]
[Site "Internet Chess Club"]
[Date "2021.04.30"]
[Round "3"]
[White "FEHD, JODIE LYNN:spaceegg"]
[Black "Lopez, Santiago Ernesto:Oyant"]
[Result "0-1"]
[ICCResult "White checkmated"]
[WhiteElo "1186"]
[BlackElo "1357"]
[Opening "Petrov's defense"]
[ECO "C42"]
[NIC "RG.01"]
[Time "20:28:09"]
[PlyCount "80"]
[TimeControl "180+2"]

1. e4 e5 2. Nf3 Nf6 3. d3 Nc6 4. a3 Bc5 5. h3 O-O 6. Nc3 h6 7. g4 Re8 8. g5
hxg5 9. Bxg5 Be7 10. h4 Nh7 11. Rg1 Nxg5 12. Nxg5 Nd4 13. Qg4 d6 14. Ne6
Nxe6 15. h5 Ng5 16. h6 Bxg4 17. Rxg4 gxh6 18. O-O-O Kh7 19. f4 exf4 20.
Rxf4 Rg8 21. Nd5 c6 22. Nf6+ Bxf6 23. Rxf6 Qxf6 24. e5 Qxe5 25. d4 Qe3+ 26.
Kb1 Nf3 27. Bd3+ Kh8 28. Ka2 Nxd4 29. Bc4 d5 30. Bd3 Rg1 31. Rxg1 Qxg1 32.
c3 Nb5 33. c4 dxc4 34. Bxc4 Nd6 35. Bb3 Re8 36. a4 Re1 37. Ka3 a5 38. Bc2
Ra1+ 39. Kb3 Qe3+ 40. Bd3 Qxd3# { White checkmated } 0-1

[Event "ICC tourney 2541 (3 2)"]
[Site "Internet Chess Club"]
[Date "2021.04.30"]
[Round "3"]
[White "GUSEINOV, GADIR:GGuseinov"]
[Black "POPILSKI, GIL:kurumania"]
[Result "0-1"]
[ICCResult "White forfeits on time"]
[WhiteElo "2715"]
[BlackElo "2514"]
[Opening "French: advance, Paulsen attack"]
[ECO "C02"]
[NIC "FR.03"]
[Time "20:27:57"]
[PlyCount "78"]
[TimeControl "180+2"]

1. e4 e6 2. d4 d5 3. e5 c5 4. c3 Nc6 5. Nf3 Nge7 6. Na3 cxd4 7. cxd4 Nf5 8.
Nc2 Bd7 9. Be2 Rc8 10. O-O Nb4 11. Nxb4 Bxb4 12. a3 Ba5 13. Bg5 f6 14. exf6
gxf6 15. Bf4 O-O 16. Bd3 Ne7 17. Nh4 Rf7 18. Bh6 Kh8 19. b4 Bb6 20. Be3 Qg8
21. g3 e5 22. dxe5 fxe5 23. Qh5 e4 24. Bxb6 axb6 25. Be2 Qg7 26. Rac1 Rcf8
27. Rc7 Bh3 28. Rfc1 Qf6 29. f4 Rg8 30. Kh1 d4 31. Bc4 Be6 32. Bxe6 Qxe6
33. Rxb7 d3 34. Ng2 e3 35. Qf3 d2 36. Rg1 e2 37. Qc3+ Rfg7 38. Qxd2 Qe4 39.
Re1 Qxb7 { White forfeits on time } 0-1